 Dungeon Crawl Stone Soup version 0.19.5 (webtiles) character file.

165 JeffiDaFish the Shield-Bearer (level 5, -4/33 HPs)
             Began as a Gargoyle Fighter on Nov 15, 2017.
             Slain by an ogre
             ... wielding a +0 giant club
              (16 damage)
             ... on level 4 of the Dungeon.
             The game lasted 00:04:35 (2328 turns).

JeffiDaFish the Shield-Bearer (Gargoyle Fighter)    Turns: 2328, Time: 00:04:36

Health: -4/33      AC: 14    Str: 20    XL:     5   Next: 46%
Magic:  5/5        EV:  6    Int:  8    God:
Gold:   193        SH:  9    Dex: 10    Spells: 0 memorised, 4 levels left

rFire  . . .     SeeInvis .     m - +1 whip (elec)
rCold  . . .     Gourm    .     b - +0 scale mail
rNeg   + . .     Faith    .     c - +0 shield
rPois  ∞         Spirit   .     (no helmet)
rElec  +         Reflect  .     (no cloak)
rCorr  .         Harm     .     l - +2 pair of gloves
MR     .....                    (no boots)
Stlth  ..........               (no amulet)
                                (no ring)
                                i - -2 ring of evasion (curse)

@: no status effects
A: negative energy resistance 1, electricity resistance, unbreathing,
petrification resistance, rot immunity, AC +4
a: no special abilities


You were on level 4 of the Dungeon.
You were not hungry.

You visited 1 branch of the dungeon, and saw 4 of its levels.

You collected 193 gold pieces.

Inventory:

Hand Weapons
 a - a +0 flail
 m - a +1 whip of electrocution (weapon)
Armour
 b - a +0 scale mail (worn)
 c - a +0 shield (worn)
 l - a +2 pair of gloves (worn)
Jewellery
 i - a cursed -2 ring of evasion (left hand)
Wands
 g - a wand of iceblast (9/15)
Scrolls
 e - 2 scrolls of identify
Potions
 d - a potion of might
 j - a potion of curing
Comestibles
 f - 3 bread rations
 h - 5 meat rations
 k - a slice of pizza
 n - 2 chunks of flesh


   Skills:
 + Level 4.0 Fighting
 + Level 3.4 Maces & Flails
 + Level 4.1 Armour
 + Level 1.1 Dodging
 + Level 4.1 Shields


You had 4 spell levels left.
You didn't know any spells.

Dungeon Overview and Level Annotations

Branches:
Dungeon (4/15)
 Temple: D:4-7

Altars:
Ashenzari
Gozag


Innate Abilities, Weirdness & Mutations

You are resistant to torment.
Your stone body is resilient. (AC +4)
You are immune to poison.
You resist negative energy. (rN+)
You are resistant to electric shocks. (rElec)
You can survive without breathing.
You are immune to petrification.
You are immune to rotting.


Message History

No target in view!
No target in view!
No target in view!
There isn't anything here!
An ogre comes into view. It is wielding a giant club.
The ogre hits you with a giant club!
Found an ichor-stained large shield.
Found a stone staircase leading down.
You barely miss the ogre. You block the ogre's attack.
You hit the ogre.
There is a sudden explosion of sparks!
The ogre is almost dead.
The ogre hits you with a giant club!
You hit the ogre.
The ogre is almost dead.
You barely miss the ogre.
The ogre is almost dead.
The ogre barely misses you.
You hit the ogre.
The ogre is almost dead.
The ogre hits you with a giant club!
You die...

##.†....#
####.......#
#..........#
#(######.###
####.# #.##
##....#
#..###
#..####
##...# #.##
###.# #.#
#@# ##.#####
#O# #......#
#.. .......#
....
#.(....#
.....
......(#
[......
.........
........
#......###
...>......
#........


You could see an ogre.

Vanquished Creatures
  A howler monkey (D:4)
  3 adders
  3 worms
  2 dart slugs
  4 leopard geckos
  5 orcs
  5 giant cockroaches (D:2)
  5 goblins
  5 hobgoblins
  7 jackals
  2 quokkas
  A ball python (D:1)
  7 bats
  5 frilled lizards
  12 kobolds
  11 rats
78 creatures vanquished.

Notes
Turn   | Place    | Note
-------+----------+-------------------------------------------
     0 | D:1      | JeffiDaFish the Gargoyle Fighter began the quest for the Orb.
     0 | D:1      | Reached XP level 1. HP: 14/14 MP: 1/1
    83 | D:1      | Reached XP level 2. HP: 7/19 MP: 2/2
   492 | D:1      | Reached XP level 3. HP: 23/23 MP: 3/3
   688 | D:2      | Found an opulent altar of Gozag.
   746 | D:2      | Found a shattered altar of Ashenzari.
   884 | D:2      | Reached XP level 4. HP: 27/29 MP: 4/4
  1169 | D:2      | Found a faded altar of an unknown god.
  2089 | D:4      | Reached skill level 1 in Dodging
  2089 | D:4      | Reached XP level 5. HP: 33/33 MP: 5/5
  2321 | D:4      | Noticed an ogre
  2328 | D:4      | Slain by an ogre

Skill      XL: |  1  2  3  4 |
---------------+-------------+-----
Maces & Flails | 3 |  3.4
Fighting       | 4 |  4.0
Armour         | 4 |  4.1
Dodging        | 1 |  1.1
Shields        | 4 |  4.1

Action                   |  1- 3 |  4- 6 || total
-------------------------+-------+-------++-------
Melee: Flail             |   121 |    14 ||   135
       Whip              |       |   142 ||   142
  Use: Scroll            |     2 |     6 ||     8
       Potion            |     3 |       ||     3
  Eat: Chunk             |       |     5 ||     5
Armor: Scale mail        |    97 |    85 ||   182
Dodge: Dodged            |    45 |    32 ||    77
Block: Shield            |    83 |    79 ||   162
